 Dungeon Sprint DCSS version 0.31-a0-965-g8a8ce12e04 (webtiles) character file.

Game seed: 6836813471041107611

6 rocky1 the Changeling (level 1, 0/18 HPs)
             Began as a Naga Shapeshifter on Oct 27, 2023.
             Killed from afar by a dart slug (4 damage)
             ... with a slug dart
             ... in the Dungeon (Sprint IX: "|||||||||||||||||||||||||||||").
             The game lasted 00:00:09 (266 turns).

rocky1 the Changeling (Naga Shapeshifter)            Turns: 266, Time: 00:00:09

Health: 0/18       AC:  1    Str: 16    XL:     1   Next: 90%
Magic:  1/1        EV:  9    Int: 10    God:
Gold:   0          SH:  0    Dex: 10    Spells: 0/0 levels left

rFire   . .          .
                       - Unarmed
rCold   . . .        (no shield)
rNeg    . . .        a - +0 animal skin
rPois   +            (helmet currently unavailable)
rElec   .            (cloak currently unavailable)
rCorr   .            (gloves currently unavailable)
SInv    +            (no barding)
Will    .....        (no amulet)
Stlth   +            (no ring)
HPRegen 0.23/turn    (no ring)
MPRegen 0.07/turn

%: no teleportation
@: beast-form, very slow
A: beast (slay +2), AC +0, large, see invisible, deformed body, poison
resistance, slowness 2, spit poison 1, naga tail 1
a: Spit Poison, Begin Untransformation


You were in the Dungeon.
You were a hulking beast.
You visited 1 branch

Inventory:

Armour
 a - a +0 animal skin (worn)
Talismans
 c - a beast talisman
 d - a flux talisman
Scrolls
 j - a scroll of blinking
Potions
 b - a potion of lignification
 e - a potion of curing
 f - a potion of heal wounds
 g - a potion of haste
 h - 2 potions of magic
 i - a potion of berserk rage


   Skills:
 + Level 1.2 Fighting
 + Level 1.7 Dodging
 + Level 3.6 Unarmed Combat
 + Level 3.8 Shapeshifting


You couldn't memorise any spells.
You didn't know any spells.
Your spell library was empty.

Dungeon Overview and Level Annotations

Branches:
Dungeon (1/1)

Altars:


Innate Abilities, Weirdness & Mutations

You are a hulking beast.
Your limbs bulge with bestial killing power. (Slay +2)
Your serpentine skin is tough. (AC +0)
You have supernaturally acute eyesight. (SInv)
Armour fits poorly on your strangely shaped body.
Your system is resistant to poisons. (rPois)
You cover ground very slowly.
You can spit poison.
You have a snake-like lower body.


Message History

You hit the quokka but do no damage.
The quokka is almost dead.
The quokka bites you but does no damage.
You hit the quokka but do no damage.
The quokka is almost dead.
The quokka bites you.
You hit the quokka.
You kill the quokka!
You hit the endoplasm. You punch the endoplasm.
You kill the endoplasm!
The ball python closely misses you. x2
There is an open door to the Dungeon here.
Things that are here:
a quokka corpse; a quokka corpse; a bat corpse You barely miss the ball python.
The ball python barely misses you.
You hit the ball python.
You kill the ball python!
You see here a ball python corpse.
You start resting.
HP restored.
You start waiting.
Done waiting.
You start waiting.
Done waiting.
You open the door.
An orc, 2 hounds, a dart slug and an ufetubus come into view.
The hound barks!
The orc shouts!
The hound barks!
The ufetubus shouts!
You miss the ufetubus. The ufetubus closely misses you. The ufetubus hits you.
The ufetubus slips past you!
The ufetubus hits you but does no damage.
The ufetubus closely misses you.
You hit the dart slug.
The dart slug is moderately wounded.
The ufetubus hits you. The ufetubus completely misses you.
You barely miss the ufetubus. Your punch misses the ufetubus.
The ufetubus hits you. x2
* * * LOW HITPOINT WARNING * * *
The dart slug launches a dart at you. The slug dart hits you.
You die...

▓+▓
▓.▓
▓.▓
▓h▓
▓o▓
▓h▓
▓w▓
▓h▓
▓5▓
▓.▓
▓.▓
▓÷▓
▓÷▓
▓.▓
▓.▓
▓.▓


You could see 2 hounds, a dart slug, an ufetubus and an orc.

Vanquished Creatures
  A bat (D)
  An endoplasm (D)
  2 quokkas (D)
  A ball python (D)
5 creatures vanquished.

Notes
Turn   | Place    | Note
-------+----------+-------------------------------------------
     0 | D        | rocky1 the Naga Shapeshifter began the quest for the Orb.
     0 | D        | Reached XP level 1. HP: 18/18 MP: 1/1
   263 | D        | Noticed a hound
   263 | D        | Noticed a hound
   266 | D        | Killed from afar by a dart slug

Illustrated notes

Levels and vault maps discovered:
D:        linesprint [early_d, line_temple, items_1, d_10, items_2, lair_1,
          lair_end, items_3, orc_1, orc_end, items_4, d_15, swamp_1, shoals_1,
          snake_1, spider_1, d_20, vaults_1, items_5, swamp_end, shoals_end,
          snake_end, spider_end, vaults_end, d_27, items_6, zot_1, zot_end,
          crypt_end, forest_end, elf_end, slime_end, tomb_end, abyss_end,
          pan_hell_end]

Action                     || total
---------------------------++-------
  Melee: Unarmed           ||    18
         Punch             ||     2
 Armour: Animal skin       ||    19
  Dodge: Dodged            ||     7

Table legend: (Time is in decaauts)
 A = Elapsed time spent in this place.
 B = Non-inter-level travel time spent in this place.
 C = Inter-level travel time spent in this place.
 D = Time resting spent in this place.
 E = Time spent auto-exploring this place.
 F = Levels seen in this place.
 G = Mean time per level.
                   A        B        C        D        E       F      G
               +--------+--------+--------+--------+--------+-----+--------+
         Total |    268 |    268 |      0 |    238 |      0 |   1 |  268.0 |
       Dungeon |    268 |    268 |      0 |    238 |      0 |   1 |  268.0 |
               +--------+--------+--------+--------+--------+-----+--------+

Top non-repeatable levels by time:
       D: 268 daAuts
